 Dungeon Crawl Stone Soup version 0.20.1-1-g8b1a95d (webtiles) character file.

18 Nidhoragg the Caller (level 2, 0/19 HPs)
             Began as a Merfolk Summoner on Oct 12, 2017.
             Slain by a jackal (2 damage)
             ... on level 1 of the Dungeon.
             The game lasted 00:06:35 (1140 turns).

Nidhoragg the Caller (Merfolk Summoner)             Turns: 1140, Time: 00:06:37

Health: 0/19       AC:  2    Str:  8    XL:     2   Next: 70%
Magic:  1/5        EV: 13    Int: 14    God:
Gold:   3          SH:  0    Dex: 14    Spells: 4/5 levels left

rFire    . . .     SeeInvis .   (no weapon)
rCold    . . .     Gourm    .   (no shield)
rNeg     . . .     Faith    .   a - +0 robe
rPois    .         Spirit   .   (no helmet)
rElec    .         Reflect  .   (no cloak)
rCorr    .         Harm     .   (no gloves)
MR       .....                  (no boots)
Stlth    ++........             (no amulet)
Regen    0.1/turn               (no ring)
MPRegen  0.1/turn               (no ring)

@: no status effects
A: change form in water, swift swim, stealthy swim
a: no special abilities


You were on level 1 of the Dungeon.
You were hungry.

You visited 1 branch of the dungeon, and saw 1 of its levels.

You collected 3 gold pieces.

Inventory:

Missiles
 e - 34 stones (quivered)
Armour
 a - a +0 robe (worn)
Scrolls
 h - a scroll of identify {unknown}
Potions
 f - a potion of berserk rage {unknown}
 g - a potion of invisibility {unknown}
 i - a potion of brilliance {unknown}
 j - 2 potions of flight {unknown}
Books
 b - a book of Callings

   Spells                             Type                      Level
   a - Summon Small Mammal            Summoning                    1
   b - Call Imp                       Summoning                    2
   c - Call Canine Familiar           Summoning                    3
   d - Summon Guardian Golem          Hexes/Summoning              3
   e - Summon Lightning Spire         Summoning/Air                4
   f - Summon Ice Beast               Ice/Summoning                4
Comestibles
 c - 3 bread rations
 d - 2 meat rations
 k - 4 chunks of flesh


   Skills:
 * Level 3.1 Dodging
 + Level 2.1 Stealth
 + Level 2.3 Spellcasting
 + Level 4.3 Summonings


You had 4 spell levels left.
You knew the following spells:

 Your Spells              Type           Power        Failure   Level  Hunger
a - Summon Small Mammal   Summ           ##..         3%          1    #......


Dungeon Overview and Level Annotations

Branches:
Dungeon (1/15)

Altars:


Message History

The giant cockroach bites you.
* * * LOW HITPOINT WARNING * * *
Some of the chunks of flesh in your inventory have rotted away.
The giant cockroach closely misses you. The giant cockroach bites you.
* * * LOW HITPOINT WARNING * * *
The giant cockroach closely misses you.
The jackal bites you but does no damage.
The giant cockroach waves its antennae.
Casting: Summon Small Mammal
Confirm with . or Enter, or press ? or * to list all spells.
The jackal barely misses you.
The jackal bites you but does no damage.
Casting: Summon Small Mammal
Confirm with . or Enter, or press ? or * to list all spells.
Your bat barely misses the giant cockroach.
The giant cockroach misses you.
The giant cockroach bites you but does no damage.
The jackal bites you.
You die...

..................##.............
###.#.#..########..#...........#.
.........# #.......###.########.
....#.#..# #.......# #.# #.
.........####.......###.# ##
.....................##'#####
####...........b.....#.)....#
####..........bss...........#
...........K.J.h@...#.......#
######.......########.......#
..J..#.......# #.......#


rsh. #.......# #.......### Jr #.......# #.........### ######.......######
#...#.#.#.... s....#............# #............ Jr..⌠'.##.........#
##..#.#.#.... .†..r#.##.........# #........... You could see an ooze, a jackal,
2 giant cockroaches, a kobold and 2 friendly bats.

Vanquished Creatures (collateral kills)
  An ooze (D:1)
  A dart slug (D:1)
  A leopard gecko (D:1)
  2 ball pythons (D:1)
  2 bats (D:1)
  3 giant cockroaches (D:1)
  3 goblins (D:1)
  2 hobgoblins (D:1)
  2 frilled lizards (D:1)
  2 kobolds (D:1)
  3 rats (D:1)
22 creatures vanquished.

Notes
Turn   | Place    | Note
-------+----------+-------------------------------------------
     0 | D:1      | Nidhoragg the Merfolk Summoner began the quest for the Orb.
     0 | D:1      | Reached XP level 1. HP: 13/13 MP: 3/3
     2 | D:1      | Found a runed door.
   440 | D:1      | Reached XP level 2. HP: 19/19 MP: 0/5
  1140 | D:1      | Slain by a jackal

Skill      XL: |  1  2 |
---------------+-------+-----
Dodging        | 3 |  3.1
Stealth        | |  2.1
Spellcasting   | |  2.3
Summonings     | |  4.3

Action                   || total
-------------------------++-------
Melee: Unarmed           ||     6
 Cast: Summon Small Mamm ||    53
  Eat: Chunk             ||     1
Armor: Robe              ||    22
Dodge: Dodged            ||    49
